 Dungeon Crawl Stone Soup version 0.25-a0-521-gb5d5f98535 (webtiles) character file.

Game seed: 2323069742826915738, levelgen mode: deterministic

557 Emblim88 the Skirmisher (level 7, -7/61 HPs)
             Began as a Minotaur Abyssal Knight on Feb 18, 2020.
             Was a Priest of Lugonu.
             Mangled by an ogre
             ... wielding a +0 giant club
              (15 damage)
             ... on level 4 of the Dungeon.
             The game lasted 00:05:29 (2906 turns).

Emblim88 the Skirmisher (Minotaur Abyssal Knight)   Turns: 2906, Time: 00:05:29

Health: -7/61      AC:  9    Str: 19    XL:     7   Next: 9%
Magic:  8/8        EV:  8    Int:  9    God:    Lugonu [***...]
Gold:   208        SH:  0    Dex:  9    Spells: 6/6 levels left

rFire    + . .     SeeInvis .   a - +1 spear
rCold    x . .     Gourm    .   (no shield)
rNeg     . . .     Faith    .   e - +0 chain mail
rPois    .         Spirit   .   (helmet restricted)
rElec    .         Reflect  .   (no cloak)
rCorr    .         Harm     .   (no gloves)
MR       .....                  (no boots)
Stlth    ..........             (no amulet)
HPRegen  0.20/turn              g - ring of fire
MPRegen  0.11/turn              (no ring)

@: no status effects
A: retaliatory headbutt, horns 2, talons 1, subdued magic 1
a: Depart the Abyss, Bend Space, Banish, Renounce Religion


You were on level 4 of the Dungeon.
You worshipped Lugonu.
Lugonu was most pleased with you.
You were not hungry.

You visited 1 branch of the dungeon, and saw 4 of its levels.
You visited the Abyss 1 time.
You also visited: Sewer.

You collected 208 gold pieces.

Inventory:

Hand Weapons
 a - a +1 spear (weapon)
 p - a +0 hunting sling
Missiles
 m - 4 boomerangs (quivered)
 s - 3 poisoned darts
Armour
 b - a +0 leather armour
 e - a +0 chain mail (worn)
Magical Staves
 q - an uncursed staff of death {unknown}
Jewellery
 g - a ring of fire (left hand)
Scrolls
 d - 2 scrolls of remove curse {unknown}
 h - 5 scrolls of teleportation {unknown}
 k - a scroll of fog {unknown}
 l - a scroll of magic mapping {unknown}
 n - a scroll of amnesia {unknown}
 o - 3 scrolls of identify {unknown}
 t - a scroll of enchant weapon {unknown}
 u - 2 scrolls of random uselessness {unknown}
 w - a scroll of summoning {unknown}
Potions
 f - 3 potions of mutation
 i - 2 potions of stabbing {unknown}
 j - 3 potions of curing {unknown}
 r - a potion of haste {unknown}
 v - a potion of degeneration {unknown}
Miscellaneous
 x - a fan of gales (inert)
Comestibles
 c - 8 rations
 z - 2 chunks of flesh


   Skills:
 + Level 5.3 Fighting
 + Level 4.6 Polearms
 + Level 4.7 Armour
 + Level 3.7 Dodging
 + Level 3.6 Invocations
 + Level 0.2 Evocations


You had 6 spell levels left.
You didn't know any spells.
Your spell library was empty.

Dungeon Overview and Level Annotations

Branches:
Dungeon (4/15)              Sewer (visited)
 Temple: D:4-7

Altars:
Qazlal

Annotations:
D:4 2 transporters


Innate Abilities, Weirdness & Mutations

You reflexively headbutt those who attack you in melee.
You have a pair of horns on your head.
You have sharp toenails.
Your spells are a little easier to cast, but a little less powerful.


Message History

You are too injured to fight recklessly!
You are too injured to fight recklessly!
You are too injured to fight recklessly!
You are too injured to fight recklessly!
You are too injured to fight recklessly!
You are too injured to fight recklessly!
The orc priest invokes the aid of Beogh against you.
Pain shoots through your body!
* * * LOW HITPOINT WARNING * * *
Things that are here:
a +3 short sword; an orc corpse The orc priest looks encouraged for a moment.
The orc priest mumbles some strange prayers to Beogh against you.
Beogh smites you!
* * * LOW HITPOINT WARNING * * *
Okay, then.
Okay, then.
Evoke which item? (* to show all) (? for menu, Esc to quit)
A fierce wind blows from the fan.
The ogre hits you with a +0 giant club!
You die...

## ## #. #. ...#. #. ##
##.#.##. ... .......)
#####.### ##......
#........ ........
#.###############.
##@#8P#≈≈≈≈≈≈≈#P8#.
#########O.#..#..≈≈≈PP#..#.
.......#..©#©/+..≈⌠≈≈P+}©#©
#..[..#..#..≈P≈P≈#..#)
#.###.#8P#;≈≈≈≈≈≈#P8#. #o#
#.###############. #.#
#................. #.#
#############.###.
########.#### #.# #.


You could see an ogre, an electric eel and an orc priest.

Vanquished Creatures
  A crocodile (Sewer)
  A howler monkey (D:4)
  2 orc wizards (D:3)
  A bullfrog skeleton (D:4)
  A hound (D:4)
  3 orc priests
  Jessica (D:2)
  A worker ant (D:4)
  4 gnolls (D:4)
  4 adders
  An ooze (D:1)
  4 worms
  A leopard gecko (D:1)
  12 orcs
  3 ball pythons
  7 giant cockroaches
  7 goblins
  3 hobgoblins
  10 jackals
  9 kobolds
  3 quokkas (D:2)
  7 bats
  2 frilled lizards
  13 rats
101 creatures vanquished.

Notes
Turn   | Place    | Note
-------+----------+-------------------------------------------
     0 | Abyss:1  | Emblim88 the Minotaur Abyssal Knight began the quest for
                  | the Orb.
     0 | Abyss:1  | Reached XP level 1. HP: 19/19 MP: 1/1
    31 | Abyss:1  | Noticed a hellion
    32 | D:1      | Escaped the Abyss
    48 | D:1      | Reached * piety under Lugonu
    86 | D:1      | Reached XP level 2. HP: 25/27 MP: 2/2
   302 | D:1      | Reached skill level 4 in Fighting
   302 | D:1      | Reached XP level 3. HP: 30/33 MP: 3/3
   592 | D:2      | Found a stormy altar of Qazlal.
   697 | D:2      | Noticed Jessica
   702 | D:2      | Gained mutation: Your spells are a little easier to cast,
                  | but a little less powerful. [potion of mutation]
   702 | D:2      | Gained mutation: You have sharp toenails. [potion of
                  | mutation]
   704 | D:2      | Killed Jessica
   704 | D:2      | Reached XP level 4. HP: 16/40 MP: 4/4
  1010 | D:2      | Reached ** piety under Lugonu
  1357 | D:3      | Reached XP level 5. HP: 44/47 MP: 6/6
  2068 | D:4      | Reached XP level 6. HP: 55/55 MP: 7/7
  2082 | D:4      | Found a transporter.
  2106 | D:4      | Reached skill level 5 in Fighting
  2208 | D:4      | Found a transporter.
  2228 | D:4      | Found a glowing drain.
  2256 | D:4      | Reached *** piety under Lugonu
  2265 | Sewer    | Entered a sewer
  2538 | Sewer    | Reached XP level 7. HP: 12/61 MP: 8/8
  2882 | D:4      | HP: 3/61 [orc priest/divine providence (14)]
  2906 | D:4      | Mangled by an ogre

Levels and vault maps discovered:
D:1:      mrwooster_arrival_statue, layout_rooms
D:2:      layout_basic, grunt_qazlal_clouds, uniq_jessica
D:3:      layout_basic
D:4:      gammafunk_steamed_eel, layout_loops_ring,
          minmay_temple_entry_poolview, cheibrodos_sewer_entry_sluice,
          first_ration

Skill      XL: |  1  2  3  4  5  6 |
---------------+-------------------+-----
Invocations    | 2 3 |  3.6
Fighting       | 4 5 |  5.3
Armour         | 3 4 |  4.7
Polearms       | 3 4 |  4.6
Dodging        | 2 3 |  3.7
Evocations     | |  0.2

Action                   |  1- 3 |  4- 6 |  7- 9 || total
-------------------------+-------+-------+-------++-------
Melee: Spear             |    82 |   199 |    23 ||   304
       Headbutt          |     9 |    19 |     2 ||    30
       Kick              |     1 |    31 |     5 ||    37
Invok: Depart the Abyss  |     1 |       |       ||     1
Evoke: Fan of gales      |       |       |     1 ||     1
  Use: Potion            |     1 |       |       ||     1
  Eat: Chunk             |       |     5 |     2 ||     7
Armor: Chain mail        |    39 |    70 |     4 ||   113
       Leather armour    |     2 |       |       ||     2
Dodge: Dodged            |    24 |    74 |     6 ||   104

Table legend:
 A = Non-vault XP
 B = Vault XP
 C = Vault XP percentage of total XP
 D = Non-vault monster count
 E = Vault monster count
 F = Vault count percentage of total count
                 A         B        C        D         E       F
            +---------+---------+-------+---------+---------+-------
      Total |     635 |     162 |  20.3 |      91 |      10 |   9.9
            +---------+---------+-------+---------+---------+-------
        D:1 |      51 |       0 |   0.0 |      27 |       0 |   0.0
        D:2 |      93 |      37 |  28.5 |      16 |       1 |   5.9
        D:3 |     164 |       0 |   0.0 |      30 |       0 |   0.0
        D:4 |     327 |      11 |   3.3 |      18 |       3 |  14.3
      Sewer |       0 |     114 | 100.0 |       0 |       6 | 100.0
            +---------+---------+-------+---------+---------+-------
